AoeStats
← Rob

QS Arena

503422977Analyzed
1v1 RM · 1mo ago on Aug 31, 2026· 42m 50s· 2 players
Game mode
Random Map
Map size
Tiny (2 player)
Population
200
Speed
Normal
Resources
Standard
Victory
Conquest
Starting age
Dark Age
Ending age
Imperial Age
RankedLock teamsTeams togetherTeam positionsShared explorationLock speedFull tech treeHidden civsTurbo modeCheats
Victory
Defeat
🇲🇽 Britons · Mexico
543
+15
🇺🇸 Spanish · United States
522
-15
Rob
4:31 Loom
7:48 Feudal Age
8:26 Horse Collar
8:34 Double-Bit Axe
10:50 Town Watch
16:33 Castle Age
16:50 Wheelbarrow
16:57 Bloodlines
17:14 Fletching
17:29 Padded Archer Armor
17:19 Loom
18:34 Husbandry
20:32 Pikeman
24:35 Squires
24:21 Gambesons
26:53 Scale Barding Armor
28:30 Sanctity
28:22 Fervor
30:21 Redemption
30:35 Forging
31:40 Gold Mining
32:24 Bodkin Arrow
32:50 Chain Barding Armor
33:07 Atonement
33:34 Inquisition
34:20 Heavy Plow
34:54 Bow Saw
36:14 Hand Cart
36:41 Murder Holes
37:09 Ballistics
40:12 Imperial Age
37:59 Scale Mail Armor
40:08 Light Cavalry
41:40 Plate Barding Armor
41:41 Iron Casting
40:39 Halberdier
40:54 Hussar
42:09 Elite Skirmisher
xXTERRAXx
3:54 Loom
8:16 Feudal Age
10:02 Double-Bit Axe
10:46 Gold Mining
18:07 Castle Age
17:56 Wheelbarrow
18:02 Horse Collar
20:57 Stone Mining
22:45 Bow Saw
27:33 Hand Cart
29:52 Fletching
30:17 Padded Archer Armor
30:40 Bodkin Arrow
31:33 Leather Archer Armor
31:41 Ballistics
32:34 Murder Holes
33:33 Forging
33:29 Scale Barding Armor
34:50 Iron Casting
34:37 Chain Barding Armor
34:50 Husbandry
36:24 Squires
36:18 Town Watch
37:39 Town Patrol
43:30 Imperial Age
Connection lost

Rejoining the realm…

Still unreachable

The connection could not be restored.

Session expired

The server has moved on; the page needs a fresh start.